 Dungeon Crawl Stone Soup version 0.26-a0-652-gafc20e3620 (webtiles) character file.

Game seed: 17594510110019275698

33394 Birvald the Geomancer (level 13, -25/80 HPs)
             Began as a Gargoyle Earth Elementalist on Oct 4, 2020.
             Was a High Priest of Vehumet.
             Annihilated by a hellephant (35 damage)
             ... on level 13 of the Dungeon.
             The game lasted 00:46:08 (19457 turns).

Birvald the Geomancer (GrEE)                       Turns: 19457, Time: 00:46:09

Health: -25/80     AC: 21    Str: 18    XL:     13   Next: 70%
Magic:  14/26      EV: 18    Int: 20    God:    Vehumet [*****.]
Gold:   1556       SH:  0    Dex: 20    Spells: 10/30 levels left

rFire    + + +     SeeInvis .   y - +9 flail (freeze)
rCold    + + .     Faith    .   (no shield)
rNeg     + . .     Spirit   .   F - +2 robe {rC+ rF+}
rPois    ∞         Reflect  .   (no helmet)
rElec    +         Harm     .   o - +1 cloak {rCorr}
rCorr    +         Rampage  .   n - +2 pair of gloves
MR       .....                  j - +1 pair of boots
Stlth    ++........             q - amulet of Soicoox {Acrobat rPois rF+ Slay+3}
HPRegen  0.23/turn              r - ring "Cinou" {rF+ rC+ Str+5 Dex+4}
MPRegen  0.20/turn              D - +6 ring of dexterity

@: mighty
A: negative energy resistance 1, electricity resistance, unbreathing,
petrification resistance, rot immunity, AC +9
a: Renounce Religion


You were on level 13 of the Dungeon.
You worshipped Vehumet.
Vehumet was extremely pleased with you.
You visited 2 branches of the dungeon, and saw 14 of its levels.
You also visited: Ice Cave.

You collected 1556 gold pieces.

Inventory:

Hand Weapons
 g - a +1 vorpal dire flail
 k - a +0 whip of electrocution
 y - a +9 flail of freezing (weapon)
Missiles
 b - 233 stones (quivered)
 p - a throwing net
Armour
 j - a +1 pair of boots (worn)
 n - a +2 pair of gloves (worn)
 o - a +1 cloak of preservation (worn)
 B - a scarf of invisibility
 F - a +2 robe of resistance (worn)
Jewellery
 q - the amulet of Soicoox (around neck) {Acrobat rPois rF+ Slay+3}
   (You acquired it on level 12 of the Dungeon)

   [amulet of the acrobat]

   It helps you evade while moving and waiting.
   It affects your accuracy and damage with ranged weapons and melee attacks
   (+3).
   It protects you from fire.
   It protects you from poison.
 r - the ring "Cinou" (left hand) {rF+ rC+ Str+5 Dex+4}
   (You took it off a frost giant in an ice cave)

   [ring of protection from cold]

   It affects your strength (+5).
   It affects your dexterity (+4).
   It protects you from fire.
   It protects you from cold.
 D - a +6 ring of dexterity (right hand)
Wands
 e - a wand of disintegration (7)
 u - a wand of flame (16)
 G - a wand of paralysis (3)
 H - a wand of random effects (33)
Scrolls
 f - 3 scrolls of magic mapping
 l - 5 scrolls of remove curse
 s - 3 scrolls of enchant weapon
 t - 4 scrolls of amnesia
 A - 2 scrolls of immolation
Potions
 a - 2 potions of flight
 c - a potion of mutation
 h - 7 potions of lignification
 i - 5 potions of stabbing
 w - 2 potions of cancellation
 x - a potion of berserk rage


   Skills:
 + Level 9.0 Fighting
 + Level 8.2 Maces & Flails
 - Level 6.0 Armour
 + Level 7.1 Dodging
 - Level 2.1 Stealth
 + Level 9.0 Spellcasting
 + Level 9.8 Conjurations
   Level 0.7 Transmutations
 * Level 3.1 Fire Magic
 + Level 11.6 Earth Magic
 + Level 5.8 Evocations


You had 10 spell levels left.
You knew the following spells:

 Your Spells              Type           Power        Failure   Level
a - Sandblast             Erth           ######       1%          1
b - Stone Arrow           Conj/Erth      ######       1%          3
c - Lee's Rapid Deconstr  Erth           ######....   1%          5
d - Iron Shot             Conj/Erth      ######....   4%          6
e - Fireball              Conj/Fire      ####......   4%          5

Your spell library contained the following spells:

 Spells                   Type           Power        Failure   Level
 Lightning Bolt           Conj/Air       ####......   8%          5
 Magic Dart               Conj           ####         1%          1
 Passwall                 Tmut/Erth      ####....     1%          2
 Conjure Flame            Conj/Fire      ####....     1%          3
 Mephitic Cloud           Conj/Pois/Air  ###.....     1%          3
 Petrify                  Tmut/Erth      ####....     6%          4
 Summon Small Mammal      Summ           #...         8%          1
 Blink                    Tloc           N/A          12%         2
 Call Imp                 Summ           #.......     12%         2
 Slow                     Hex            #.......     12%         2
 Borgnjor's Vile Clutch   Necr/Erth      ####......   21%         5
 Starburst                Conj/Fire      ####......   21%         6
 Call Canine Familiar     Summ           #.......     22%         3
 Confusing Touch          Hex            #.......     22%         3
 Gell's Gravitas          Tloc           #.........   22%         3
 Summon Guardian Golem    Hex/Summ       #.......     22%         3
 Yara's Violent Unravell  Hex/Tmut       ##........   41%         5
 Summon Ice Beast         Ice/Summ       #.......     58%         4
 Summon Lightning Spire   Summ/Air       #.......     58%         4
 Metabolic Englaciation   Hex/Ice        #.........   91%         5


Dungeon Overview and Level Annotations

Branches:
Dungeon (13/15)            Temple (1/1) D:4            Lair (0/6) D:9
    Orc (0/2) D:9           IceCv (visited)
 Vaults: D:13-14

Altars:
Ashenzari
Elyvilon
Gozag
Hepliaklqana
Kikubaaqudgha
Makhleb
Nemelex Xobeh
Qazlal
Sif Muna
Trog
Uskayaw
Vehumet
Wu Jian
Xom
Yredelemnul
Zin
The Shining One
Beogh

Shops:
D:4 }   D:5 [   D:10 (

Annotations:
D:3 3 runed translucent doors, kirranu's ghost, weakling FeBe
D:9 1 transporter


Innate Abilities, Weirdness & Mutations

You are resistant to torment.
Your stone body is resilient. (AC +9)
You are immune to poison.
You resist negative energy. (rN+)
You are resistant to electric shocks. (rElec)
You can survive without breathing.
You are immune to petrification.
You are immune to rotting.


Message History

You are too injured to fight recklessly!
Casting: Sandblast (safe; 1% risk of failure)
Confirm with . or Enter, or press ? or * to list all spells.
Aiming: Iron Shot (dangerous; 4% risk of failure)
Press: ? - help, Shift-Dir - straight line, f - hellephant
Aim: a hellephant (lightly wounded, catching its breath)
The iron shot hits the hellephant!
The hellephant is moderately wounded.
The hellephant tramples you!!
* * * LOW HITPOINT WARNING * * *
You stumble backwards!
Casting: Iron Shot (dangerous; 4% risk of failure)
Confirm with . or Enter, or press ? or * to list all spells.
Aiming: Iron Shot (dangerous; 4% risk of failure)
Press: ? - help, Shift-Dir - straight line, f/p - hellephant
Aim: a hellephant (moderately wounded, catching its breath)
The iron shot hits the hellephant!
The hellephant is moderately wounded.
The hellephant tramples you!!
You die...

#... #######.# #...
#.# ###### .Z. #.#
#...>. #.#
#.######....#
####.####
#..§..##....$
#.##.......###
#####....Y...
......#......#
####.....
#.......##.#.#########
#....#
...#..#.....†...@Y...#
#.....
#[.#........#####.#
######
#........##.#####.#
#..............##.#
####..#####.##.##.#
.............##.#
#................#
#.....#####.###### ###
.. #)#


You could see a hellephant (catching breath).

Vanquished Creatures
  A frost giant (IceCv)
  A fire giant (D:11)
  A tengu warrior (D:9)
  3 death yaks (IceCv)
  A deep troll earth mage (D:11)
  A two-headed ogre (D:9)
  An unseen horror (D:10)
  Pikel (D:7)
  A deep elf mage (D:12)
  3 ugly things (D:11)
  A cyclops (D:11)
  An elephant (D:9)
  An ice statue (IceCv)
  A centaur zombie (D:13)
  Joseph (D:7)
  A rime drake (IceCv)
  Maggie (D:7)
  3 centaur skeletons (D:11)
  2 gargoyles
  A tengu conjurer (D:9)
  16 polar bears (IceCv)
  2 trolls
  A hornet (D:7)
  Prince Ribbit (D:5)
  2 hippogriffs
  3 wraiths
  28 yaks
  Eustachio (D:5)
  A basilisk (D:9)
  A vampire mosquito (D:11)
  Edmund (D:4)
  A soldier ant (D:10)
  Duvessa (D:7)
  5 hell hounds
  18 ice beasts
  11 orc warriors
  A black bear (D:6)
  8 sky beasts
  A necrophage (D:12)
  11 ogres
  A phantom (D:7)
  7 centaurs
  21 wolves (IceCv)
  A crocodile (D:9)
  3 big kobolds
  4 bullfrogs
  2 gnoll sergeants
  Dowan (D:7)
  A wyvern skeleton (D:7)
  3 scorpions
  A water moccasin skeleton (D:9)
  14 killer bees
  11 wights
  3 howler monkeys
  3 bullfrog zombies
  7 jellies
  Crazy Yiuf (D:4)
  6 hounds
  2 quasits
  6 orc priests
  A bullfrog skeleton (D:12)
  22 orc wizards
  6 iguanas
  8 worker ants
  A killer bee zombie (D:10)
  A hound zombie (D:9)
  2 hound skeletons
  11 adders
  8 gnolls
  5 shadow imps
  3 white imps
  An ufetubus (D:8)
  2 oozes
  An adder zombie (D:5)
  4 worms
  2 dart slugs (D:1)
  6 leopard geckos
  91 orcs
  5 giant cockroaches
  8 hobgoblins
  11 jackals
  12 kobolds
  A quokka (D:9)
  2 ball pythons
  10 bats
  4 frilled lizards
  13 goblins
  3 jackal skeletons
  2 leopard gecko skeletons
  9 rats
494 creatures vanquished.

Vanquished Creatures (others)
  A wight (D:13)
  An orc (D:7)
  A quokka (D:7)
3 creatures vanquished.

Grand Total: 497 creatures vanquished

Notes
Turn   | Place    | Note
-------+----------+-------------------------------------------
     0 | D:1      | Birvald the Gargoyle Earth Elementalist began the quest for
                  | the Orb.
     0 | D:1      | Reached XP level 1. HP: 10/10 MP: 3/3
   155 | D:1      | Reached skill level 4 in Earth Magic
   155 | D:1      | Reached XP level 2. HP: 15/15 MP: 1/5
   564 | D:1      | Reached XP level 3. HP: 19/19 MP: 2/6
   574 | D:1      | Learned a level 3 spell: Stone Arrow
  1486 | D:2      | Reached skill level 1 in Conjurations
  1559 | D:2      | Reached XP level 4. HP: 24/24 MP: 5/8
  2285 | D:3      | Reached skill level 5 in Earth Magic
  2382 | D:3      | Found a runed translucent gate.
  2382 | D:3      | Found a runed translucent gate.
  2382 | D:3      | Found a runed translucent gate.
  2384 | D:3      | Noticed kirranu's ghost (weakling FeBe)
  2469 | D:3      | Reached XP level 5. HP: 28/28 MP: 4/10
  2527 | D:3      | Learned a level 5 spell: Lee's Rapid Deconstruction
  2708 | D:3      | Found a hazy altar of Hepliaklqana.
  2971 | D:4      | Found Getog's Gadget Shop.
  3306 | D:4      | Reached XP level 6. HP: 32/32 MP: 11/11
  3366 | D:4      | Noticed Edmund
  3404 | D:4      | Killed Edmund
  3404 | D:4      | Reached skill level 6 in Earth Magic
  3406 | D:4      | Reached XP level 7. HP: 21/36 MP: 0/13
  4156 | D:4      | Found a runed translucent door.
  4157 | D:4      | Noticed Crazy Yiuf
  4164 | D:4      | Killed Crazy Yiuf
  4273 | D:4      | Found a staircase to the Ecumenical Temple.
  4283 | Temple   | Entered the Ecumenical Temple
  4317 | Temple   | Became a worshipper of Vehumet
  4526 | D:5      | Entered Level 5 of the Dungeon
  4526 | D:5      | Found Jeclyill's Antique Armour Boutique.
  4526 | D:5      | Noticed Eustachio
  4536 | D:5      | Killed Eustachio
  4536 | D:5      | Reached skill level 1 in Fighting
  4536 | D:5      | Reached skill level 1 in Maces & Flails
  4536 | D:5      | Reached skill level 1 in Armour
  4696 | D:5      | Reached XP level 8. HP: 25/43 MP: 2/15
  4923 | D:5      | Reached skill level 5 in Spellcasting
  4923 | D:5      | Reached skill level 7 in Earth Magic
  5320 | D:5      | Noticed Prince Ribbit
  5325 | D:5      | Killed Prince Ribbit
  5325 | D:5      | Reached skill level 5 in Conjurations
  5514 | D:5      | Reached XP level 9. HP: 50/50 MP: 10/17
  5521 | D:5      | Reached * piety under Vehumet
  5521 | D:5      | Offered knowledge of Foxfire by Vehumet.
  6354 | D:6      | Identified a scroll of acquirement
  6354 | D:6      | Acquired 493 gold pieces
  6841 | D:6      | Reached skill level 8 in Earth Magic
  7157 | D:7      | Noticed Pikel
  7169 | D:7      | Killed Pikel
  7305 | D:7      | Noticed Dowan
  7322 | D:7      | Reached ** piety under Vehumet
  7322 | D:7      | Noticed Duvessa
  7327 | D:7      | Killed Duvessa
  7327 | D:7      | Offered knowledge of Freeze by Vehumet.
  7338 | D:7      | Killed Dowan
  7343 | D:7      | Reached XP level 10. HP: 24/58 MP: 0/19
  7863 | D:7      | Found a white marble altar of Elyvilon.
  8554 | D:7      | Noticed Joseph
  8560 | D:7      | Killed Joseph
  8696 | D:7      | Noticed Maggie
  8734 | D:7      | Killed Maggie
  8734 | D:7      | Reached skill level 5 in Fighting
  8734 | D:7      | Reached skill level 5 in Armour
  9171 | D:8      | Offered knowledge of Conjure Flame by Vehumet.
  9577 | D:8      | Reached skill level 9 in Earth Magic
  9717 | D:7      | Reached skill level 5 in Maces & Flails
 10407 | D:8      | Reached *** piety under Vehumet
 10407 | D:8      | Reached skill level 1 in Evocations
 10629 | D:9      | Found a transporter.
 10636 | D:9      | Found a roughly hewn altar of Beogh.
 10636 | D:9      | Found a transporter.
 10636 | D:9      | Noticed a cyclops
 10642 | D:9      | Noticed a two-headed ogre
 10658 | D:9      | Killed a two-headed ogre
 10658 | D:9      | Reached XP level 11. HP: 62/64 MP: 10/21
 10741 | D:9      | Noticed a tengu warrior
 10800 | D:9      | Found a hazy altar of Hepliaklqana.
 10801 | D:9      | Offered knowledge of Static Discharge by Vehumet.
 10987 | D:10     | Entered Level 10 of the Dungeon
 11006 | D:10     | Killed an unseen horror
 11258 | D:9      | Reached skill level 5 in Dodging
 11375 | D:9      | Found a staircase to the Lair.
 11394 | D:9      | Reached **** piety under Vehumet
 11430 | D:9      | Offered knowledge of Frozen Ramparts by Vehumet.
 11674 | D:9      | Found a staircase to the Orcish Mines.
 11828 | D:9      | Killed a tengu warrior
 12585 | D:10     | Reached ***** piety under Vehumet
 12626 | D:10     | Found Lyhoqum's Antique Weapon Shop.
 12727 | D:10     | Offered knowledge of Iron Shot by Vehumet.
 12780 | D:10     | Reached skill level 10 in Earth Magic
 13022 | D:10     | Learned a level 6 spell: Iron Shot
 13909 | D:10     | Reached XP level 12. HP: 72/72 MP: 7/23
 14317 | D:11     | Found a frozen archway.
 14359 | IceCv    | Entered an ice cave
 14682 | IceCv    | Noticed a death yak
 14697 | IceCv    | Killed a death yak
 16251 | IceCv    | Reached skill level 11 in Earth Magic
 16366 | IceCv    | Reached skill level 5 in Evocations
 16471 | IceCv    | Reached XP level 13. HP: 39/79 MP: 4/25
 16990 | IceCv    | Identified the ring "Cinou" {rF+ rC+ Str+5 Dex+4}
 16990 | IceCv    | Noticed a frost giant
 16998 | IceCv    | Killed a frost giant
 17155 | IceCv    | Identified Majuosirghau's Tome of Cobwebs
 17163 | IceCv    | Learned a level 5 spell: Fireball
 17478 | D:11     | Reached skill level 1 in Fire Magic
 17712 | D:11     | Offered knowledge of Lightning Bolt by Vehumet.
 17719 | D:11     | Found a broken altar of Ashenzari.
 17720 | D:11     | Noticed a fire giant
 17738 | D:11     | Killed a fire giant
 17831 | D:11     | Found a basalt altar of Yredelemnul.
 18342 | D:12     | Found a roughly hewn altar of Beogh.
 18667 | D:12     | Acquired the amulet of Soicoox {Acrobat rPois rF+ Slay+3}
 18989 | D:13     | Found a huge runed gate.
 18989 | D:13     | Found a huge runed gate.
 18989 | D:13     | Found a huge runed gate.
 18990 | D:13     | Found a huge runed gate.
 18991 | D:13     | Found a huge runed gate.
 18993 | D:13     | Found a huge runed gate.
 18993 | D:13     | Found a huge runed gate.
 18999 | D:13     | Noticed a hellephant
 18999 | D:13     | Noticed a hellephant
 19457 | D:13     | Annihilated by a hellephant

Illustrated notes

Levels and vault maps discovered:
D:1:      mrwooster_arrival_statue, layout_loops_ring
D:2:      layout_basic
D:3:      layout_loops_cross, lemuel_round_altar, ebering_ghost_rock_garden
D:4:      layout_cave_pools, minmay_temple_entry_poolview, serial_shops,
          shop_fountains, uniq_crazy_yiuf_cottage, uniq_edmund
D:5:      minmay_bubble_buster, layout_loops_corners, serial_shops,
          nicolae_shop_window_shopping, uniq_prince_ribbit1, uniq_eustachio
D:6:      layout_basic
D:7:      layout_gridville, elyvilon_altar_4, uniq_joseph, uniq_maggie,
          uniq_duvessa, uniq_pikel
D:8:      layout_gridville
D:9:      gammafunk_beogh_shrine, layout_cross, david_lair_generic,
          hiddenorc2_lemuel, basic_altar
D:10:     layout_long_grid, serial_shops,
          nicolae_shop_temple_entry_statues_fountains
D:11:     layout_roguey, portal_ice_cave_entry_ice_beasts, jmf_multi_god_temple
D:12:     layout_loops_ring, special_room [special_room_orc]
D:13:     minmay_expanding_circles, layout_loops_cross, not_door_vault_due
Temple:   nicolae_temple_the_god_donut

Skill      XL: |  1  2  3  4  5  6  7  8  9 10 11 12 13 |
---------------+----------------------------------------+-----
Earth Magic    | 4 5 6 7 8 9 10 11 | 11.6
Conjurations   | 1 2 3 4 5 6 7 8 9 |  9.8
Spellcasting   | 3 4 5 6 7 8 9 |  9.0
Fighting       | 1 3 4 5 7 8 9 |  9.0
Maces & Flails | 1 2 4 5 6 7 8 |  8.2
Armour         | 1 3 4 5 6 |  6.0
Dodging        | 2 3 4 5 6 7 |  7.1
Evocations     | 1 3 5 |  5.8
Fire Magic     | 3 |  3.1
Stealth        | |  2.1
Transmutations | |  0.7

Action                   |  1- 3 |  4- 6 |  7- 9 | 10-12 | 13-15 || total
-------------------------+-------+-------+-------+-------+-------++-------
Melee: Dagger            |    96 |   140 |       |       |       ||   236
       Whip              |       |    27 |   249 |    53 |       ||   329
       Flail             |       |       |       |   647 |   128 ||   775
 Cast: Sandblast         |    24 |    46 |    43 |    61 |     3 ||   177
       Stone Arrow       |     2 |     1 |    19 |    44 |       ||    66
       Lee's Rapid Decon |       |     1 |    10 |    33 |    25 ||    69
       Iron Shot         |       |       |       |    10 |    18 ||    28
Evoke: Wand              |       |       |     3 |     5 |     8 ||    16
  Use: Scroll            |       |    12 |     5 |    13 |     7 ||    37
       Potion            |       |     6 |       |     1 |    12 ||    19
 Stab: Sleeping          |     4 |     3 |       |     5 |       ||    12
       Invisible         |       |     1 |       |       |       ||     1
       Distracted        |       |       |       |     2 |     1 ||     3
Armor: Robe              |    27 |    61 |   120 |   417 |    72 ||   697
       Skin              |       |    16 |       |       |       ||    16
Dodge: Dodged            |    61 |   129 |   149 |   714 |   149 ||  1202

Table legend: (Time is in decaauts)
 A = Elapsed time spent in this place.
 B = Non-inter-level travel time spent in this place.
 C = Inter-level travel time spent in this place.
 D = Time resting spent in this place.
 E = Time spent auto-exploring this place.
 F = Levels seen in this place.
 G = Mean time per level.
                   A        B        C        D        E       F      G
               +--------+--------+--------+--------+--------+-----+--------+
         Total |  19524 |  19078 |    446 |   4872 |   9991 |  15 | 1301.6 |
       Dungeon |  16600 |  16177 |    423 |   3325 |   9101 |  13 | 1276.9 |
        Temple |     57 |     34 |     23 |      0 |     22 |   1 |   57.0 |
      Ice Cave |   2865 |   2865 |      0 |   1547 |    868 |   1 | 2865.0 |
               +--------+--------+--------+--------+--------+-----+--------+

Top non-repeatable levels by time:
   IceCv: 2865 daAuts
     D:7: 2249 daAuts
    D:10: 1789 daAuts
     D:9: 1749 daAuts
     D:5: 1513 daAuts
     D:4: 1503 daAuts
     D:8: 1363 daAuts
     D:2: 1206 daAuts
    D:11: 1158 daAuts
    D:12: 1144 daAuts
     D:6: 955 daAuts
     D:1: 955 daAuts
     D:3: 794 daAuts
    D:13: 218 daAuts
  Temple: 57 daAuts
